 Dungeon Crawl Stone Soup version 0.30.1-4-g462c640d31 (webtiles) character file.

Game seed: 12936156597543823775

1702576 LordWeiramon the Acrobat (level 27, 173/179 HPs)
             Began as a Gargoyle Hunter on Sept 14, 2023.
             Was the Champion of Ashenzari.
             Escaped with the Orb
             ... and 3 runes on Sept 15, 2023!
             The game lasted 05:21:25 (69591 turns).

LordWeiramon the Acrobat (Gargoyle Hunter)         Turns: 69591, Time: 05:21:25

Health: 173/179    AC: 63    Str: 19    XL:     27
Magic:  24/24      EV: 34    Int: 12    God:    Ashenzari [******]
Gold:   4577       SH:  5    Dex: 29    Spells: 28/28 levels left

rFire   + + +        a - +7 arbalest "Tethered With Me" {freeze, Fort, Alch} (curse)
rCold   + + +        (shield currently unavailable)
rNeg    + . .        N - +8 fire dragon scales "Yoke of Ashenzari" {rF++ rC-, Self, Melee} (curse)
rPois   ∞            H - +2 helmet "Share My Foul Odours" {Range, Comp} (curse)
rElec   +            z - +2 cloak of the Prescient Heavens {rC+, Evo, Fort} (curse)
rCorr   +            o - +2 pair of gloves of Supernal Wisdom {Self, Elem} (curse)
SInv    +            h - +2 pair of boots of the Oracular Augurer {Bglg, Fort} (curse)
Will    +++..        n - amulet of Ashenzari's Augurer {Reflect rC+++ Int-2 SH+5, Fort, Self} (curse)
Stlth   +            q - ring "Doubts of Ashenzari" {Dex+6, Range, Self} (curse)
HPRegen 0.49/turn    D - ring "Gaze Upon Infinity" {rF+ rCorr Str+6 SInv, Range, Self} (curse)
MPRegen 0.19/turn

%: reflection, clarity
@: flying, studying 2 skills
A: sickness immunity, AC +20, big wings, negative energy resistance 1,
electricity resistance, torment resistance 1, petrification resistance,
deterioration 1, frail 1, strong-willed 1, weak 1, no potion heal 1
0: Orb of Zot
}: 3/15 runes: decaying, abyssal, gossamer
a: Renounce Religion, Shatter the Chains


You escaped.
You worshipped Ashenzari.
Ashenzari was exalted by your worship.
You visited 11 branches of the dungeon, and saw 50 of its levels.
You visited the Abyss 3 times.
You also visited: Trove, Bailey and Ice Cave.

You collected 6848 gold pieces.
You spent 2271 gold pieces at shops.

Inventory:

Hand Weapons
 a - the cursed +7 arbalest "Tethered With Me" (weapon) {freeze, Fort, Alch}
   (You took it off a yaktaur on level 4 of the Vaults)

   It has a curse which improves the following skills: Fortitude: Armour and
   Shields.
   Alchemy:   Poison Magic and Transmutations.
Missiles
 s - 5 throwing nets
 G - 12 curare-tipped darts
Armour
 h - the cursed +2 pair of boots of the Oracular Augurer (worn) {Bglg, Fort}
   (You found it on level 2 of the Swamp)

   It has a curse which improves the following skills: Beguiling: Conjurations,
   Hexes and Translocations.
   Fortitude: Armour and Shields.
 o - the cursed +2 pair of gloves of Supernal Wisdom (worn) {Self, Elem}
   (You found it on level 2 of the Dungeon)

   It has a curse which improves the following skills: Introspection: Fighting
   and Spellcasting.
   Elements:  Fire Magic, Ice Magic, Air Magic and Earth Magic.
 z - the cursed +2 cloak of the Prescient Heavens (worn) {rC+, Evo, Fort}
   (You found it in an ice cave)

   It has a curse which improves the following skills: Evocations: Evocations.
   Fortitude: Armour and Shields.
 H - the cursed +2 helmet "Share My Foul Odours" (worn) {Range, Comp}
   (You found it on level 1 of the Vaults)

   It has a curse which improves the following skills: Ranged Combat: Ranged
   Weapons and Throwing.
   Companions: Summonings and Necromancy.
 N - the cursed +8 fire dragon scales "Yoke of Ashenzari" (worn) {rF++ rC-, Self, Melee}
   (You found it on level 1 of the Depths)

   rF:        It greatly protects you from fire.
   rC:        It makes you vulnerable to cold.
   It has a curse which improves the following skills: Introspection: Fighting
   and Spellcasting.
   Melee Combat: Short Blades, Long Blades, Axes, Maces & Flails, Polearms,
   Staves and Unarmed Combat.
Jewellery
 i - an amulet of guardian spirit
 n - the cursed amulet of Ashenzari's Augurer (around neck) {Reflect rC+++ Int-2 SH+5, Fort, Self}
   (You acquired it on level 2 of the Lair of Beasts)

   [amulet of reflection]

   It reflects blocked missile attacks.
   Int:       It affects your intelligence (-2).
   rC:        It renders you almost immune to cold.
   SH:        It affects your SH (+5).
   It has a curse which improves the following skills: Fortitude: Armour and
   Shields.
   Introspection: Fighting and Spellcasting.
 q - the cursed ring "Doubts of Ashenzari" (left hand) {Dex+6, Range, Self}
   (You found it on level 2 of the Spider Nest)

   [ring of dexterity]

   Dex:       It affects your dexterity (+6).
   It has a curse which improves the following skills: Ranged Combat: Ranged
   Weapons and Throwing.
   Introspection: Fighting and Spellcasting.
 D - the cursed ring "Gaze Upon Infinity" (right hand) {rF+ rCorr Str+6 SInv, Range, Self}
   (You took it off a deep elf demonologist on level 3 of the Elven Halls)

   [ring of see invisible]

   Str:       It affects your strength (+6).
   rF:        It protects you from fire.
   SInv:      It lets you see invisible.
   rCorr:     It protects you from acid and corrosion.
   It has a curse which improves the following skills: Ranged Combat: Ranged
   Weapons and Throwing.
   Introspection: Fighting and Spellcasting.
 E - the dreamshard necklace {*Dream Drain}
   (You found it on level 3 of the Crypt)

   [amulet of nothing]

   *Dream:    It shatters if its wearer takes lethal or near-lethal damage,
   preventing the blow and releasing protective dreams that heal and fight for
   the wearer.
   Drain:     It drains your maximum health when unequipped.
Wands
 c - a wand of mindburst (37)
 m - a wand of digging (21)
 w - a wand of flame (134)
 x - a wand of iceblast (38)
 C - a wand of light (34)
 P - a wand of polymorph (24)
 V - a wand of charming (59)
Scrolls
 e - 2 scrolls of brand weapon
 f - 17 scrolls of teleportation
 g - 8 scrolls of magic mapping
 j - 4 scrolls of summoning
 l - 5 scrolls of poison
 t - 5 scrolls of fear
 y - 22 scrolls of immolation
 S - 9 scrolls of fog
Potions
 d - 19 potions of curing
 k - 6 potions of resistance
 p - 9 potions of heal wounds
 r - 5 potions of mutation
 u - 11 potions of ambrosia
 v - a potion of invisibility
 A - 9 potions of might
 I - 9 potions of magic
 K - 5 potions of cancellation
 O - 5 potions of haste
Miscellaneous
 b - a tin of tremorstones (2/2)
 B - a box of beasts
 J - a phantom mirror
 M - a lightning rod (4/4)
 R - a phial of floods


   Skills:
 - Level 22.9(27) Fighting
 - Level 25.0(27) Ranged Weapons
 - Level 3.0(6.9) Throwing
 - Level 20.9(26.2) Armour
 + Level 26.1 Dodging
 - Level 1.1 Stealth
 - Level 1.1(2.6) Evocations


You had 28 spell levels left.
You didn't know any spells.
Your spell library contained the following spells:

 Spells                   Type           Power      Damage    Failure   Level
 Apportation              Tloc           2%         N/A       43%         1
 Kiss of Death            Conj/Necr      4%         2d5       43%         1
 Magic Dart               Conj           4%         1d3       43%         1
 Sandblast                Erth           2%         2d4       43%         1
 Shock                    Conj/Air       4%         1d3       43%         1
 Sting                    Tmut/Pois      4%         1d3       43%         1
 Blink                    Tloc           2%         N/A       58%         2
 Ensorcelled Hibernation  Hex/Ice        2%         N/A       58%         2
 Lesser Beckoning         Tloc           2%         N/A       58%         2
 Momentum Strike          Conj/Tloc      2%         3d8       58%         2
 Passwall                 Tmut/Erth      0%         N/A       58%         2
 Poisonous Vapours        Pois/Air       2%         N/A       58%         2
 Scorch                   Fire           2%         2d5       58%         2
 Searing Ray              Conj           2%         2d4       58%         2
 Static Discharge         Conj/Air       2%         2-3/arc   58%         2
 Wereblood                Tmut           1%         N/A       58%         2
 Call Canine Familiar     Summ           1%         N/A       82%         3
 Confusing Touch          Hex            1%         N/A       82%         3
 Frozen Ramparts          Ice            2%         1d1       82%         3
 Gell's Gravitas          Tloc           1%         N/A       82%         3
 Hailstorm                Conj/Ice       1%         3d3       82%         3
 Ignite Poison            Fire/Tmut/Pois 1%         N/A       82%         3
 Mephitic Cloud           Conj/Pois/Air  1%         N/A       82%         3
 Ozocubu's Armour         Ice            1%         N/A       82%         3
 Portal Projectile        Hex/Tloc       2%         N/A       82%         3
 Stone Arrow              Conj/Erth      2%         3d7       82%         3
 Swiftness                Air            1%         N/A       82%         3
 Teleport Other           Tloc           1%         N/A       82%         3
 Tukima's Dance           Hex            1%         N/A       82%         3
 Vhi's Electric Charge    Tloc/Air       2%         N/A       82%         3
 Airstrike                Air            0%         2d(1-17)  99%         4
 Anguish                  Hex/Necr       0%         N/A       99%         4
 Animate Armour           Summ/Erth      2%         N/A       99%         4
 Cause Fear               Hex            0%         N/A       99%         4
 Dispel Undead            Necr           1%         3d6       99%         4
 Flame Wave               Conj/Fire      1%         2d4       99%         4
 Fulminant Prism          Conj/Hex       0%         3d5       99%         4
 Leda's Liquefaction      Hex/Erth       0%         N/A       99%         4
 Manifold Assault         Tloc           1%         N/A       99%         4
 Olgreb's Toxic Radiance  Pois           1%         N/A       99%         4
 Passage of Golubria      Tloc           1%         N/A       99%         4
 Petrify                  Tmut/Erth      1%         N/A       99%         4
 Summon Ice Beast         Ice/Summ       1%         N/A       99%         4
 Summon Lightning Spire   Summ/Air       1%         N/A       99%         4
 Alistair's Intoxication  Tmut/Pois      0%         N/A       100%        5
 Arcjolt                  Conj/Air       0%         1d10      100%        5
 Blade Hands              Tmut           0%         N/A       100%        5
 Fireball                 Conj/Fire      0%         3d3       100%        5
 Freezing Cloud           Conj/Ice/Air   0%         6-21      100%        5
 Irradiate                Conj/Tmut      0%         3d11      100%        5
 Iskenderun's Battlesphe  Conj           1%         2d6       100%        5
 Summon Forest            Summ/Tloc      0%         N/A       100%        5
 Summon Mana Viper        Hex/Summ       1%         N/A       100%        5
 Yara's Violent Unravell  Hex/Tmut       0%         3d3       100%        5
 Conjure Ball Lightning   Conj/Air       0%         3x3d6     100%        6
 Death Channel            Necr           0%         N/A       100%        6
 Iron Shot                Conj/Erth      0%         9d1       100%        6
 Plasma Beam              Fire/Air       0%         2x1d11    100%        6
 Simulacrum               Ice/Necr       0%         N/A       100%        6
 Starburst                Conj/Fire      0%         6d3       100%        6
 Summon Cactus Giant      Summ           0%         N/A       100%        6
 Dragon Form              Tmut           0%         N/A       100%        7
 Haunt                    Necr/Summ      0%         N/A       100%        7
 Orb of Destruction       Conj           0%         9d5       100%        7
 Ozocubu's Refrigeration  Ice            0%         4d7       100%        7
 Spellforged Servitor     Conj/Summ      0%         N/A       100%        7
 Storm Form               Tmut/Air       0%         N/A       100%        7
 Summon Hydra             Summ           0%         N/A       100%        7
 Borgnjor's Revivificati  Necr           0%         N/A       100%        8
 Discord                  Hex            0%         N/A       100%        8
 Disjunction              Tloc           0%         N/A       100%        8
 Ignition                 Fire           0%         3d3       100%        8
 Necromutation            Tmut/Necr      0%         N/A       100%        8
 Death's Door             Necr           0%         N/A       100%        9
 Dragon's Call            Summ           0%         N/A       100%        9
 Fire Storm               Conj/Fire      0%         6d1       100%        9
 Polar Vortex             Ice            0%         N/A       100%        9
 Cigotuvi's Dreadful Rot  Necr/Pois/Air  Unusable   N/A       N/A         2
 Sublimation of Blood     Necr           Unusable   N/A       N/A         2

Dungeon Overview and Level Annotations

Branches:
Dungeon (15/15)            Temple (0/1) D:5            Lair (5/5) D:8
  Swamp (4/4) Lair:2       Spider (4/4) Lair:3        Slime (0/5) Lair:5
    Orc (2/2) D:9             Elf (3/3) Orc:2        Vaults (4/5) D:13
  Crypt (3/3) Vaults:3       Tomb (0/3) Crypt:3      Depths (4/4) D:15
   Hell (visited)             Zot (5/5) Depths:4     Bailey (visited)
  IceCv (visited)
    Dis: Hell:1         Geh: Hell:1         Coc: Hell:1         Tar: Hell:1

Altars:
Ashenzari
Cheibriados
Elyvilon
Fedhas
Hepliaklqana
Kikubaaqudgha
Okawaru
Qazlal
Trog
Wu Jian
Yredelemnul
Zin
Jiyva
Lugonu

Shops:
D:6 *   D:10 [   Orc:2 (*=!   Vaults:2 (   Vaults:4 *   Depths:2 *

Portals:
Hell: Depths:1 Depths:2 Depths:3 Depths:4
Abyss: Depths:2 Depths:3
Pandemonium: Depths:2
Ziggurat: Depths:1

Annotations:
Vaults:2 mennas, exclusion: sensed monster (detected)


Innate Abilities, Weirdness & Mutations

You are immune to sickness and miasma.
Your stone body is resilient. (AC +20)
You are immune to poison.
Your large and strong wings let you fly.
You resist negative energy. (rN+)
You are resistant to electric shocks. (rElec)
You are resistant to unholy torment.
You are immune to petrification.
Your body sometimes deteriorates upon taking damage.
You are frail. (-10% HP)
You are strong-willed. (Will+)
You are weak. (Str -2)
Potions are less effective at restoring your health.


Message History

You kill the Ice Fiend!
You block the sixfirhy's attack.
The sixfirhy hits you but does no damage.
The sixfirhy closely misses you. The sixfirhy completely misses you.
Unknown command.
You shoot a bolt. The bolt hits the sixfirhy!
The bolt freezes the sixfirhy.
The sixfirhy is heavily wounded.
You shoot a bolt.
The bolt hits the sixfirhy but does no damage.
The sixfirhy is moderately wounded.
You shoot a bolt. The bolt hits the sixfirhy!!
The bolt freezes the sixfirhy!
You kill the sixfirhy!
(D) Dungeon (T) Temple (L) Lair (S) Swamp (N) Spider Nest (M) Slime Pits (O) Orcish Mines (E) Elven Halls (V) Vaults (C) Crypt (W) Tomb (U) Depths (H) Hell (Z) Zot
Where to? (Enter - D:1, ? - help)
There is a stone staircase leading up here.
You fly upwards.
There is a stone staircase leading down here.
A chaos spawn comes into view.
Unknown command.
You shoot a bolt. The bolt hits the chaos spawn!!!
The bolt freezes the chaos spawn!!
You kill the chaos spawn!
The chaos spawn degenerates into a cloud of primal chaos!
(D) Dungeon (T) Temple (L) Lair (S) Swamp (N) Spider Nest (M) Slime Pits (O) Orcish Mines (E) Elven Halls (V) Vaults (C) Crypt (W) Tomb (U) Depths (H) Hell (Z) Zot
Where to? (Enter - D:1, ? - help)
There is a stone staircase leading up here.
You fly upwards.
There is a stone staircase leading down here.
A Zurem and a large abomination come into view.
Blink to where?
Press: ? - help, Dir - move target
As you read the scroll of blinking, it crumbles to dust.
There is a staircase leading out of the dungeon here.
You have escaped!

#...##.###..###....#######..##..#
........#.#.# #.............##..#
#...####.##.# ##..########.#.#..#
##.## #..######.#######..###....
##.# #.##≈≈≈≈♣~♣≈≈≈≈##.#.#.#.##
##.### #.##≈.P.....P.≈##.##......
.....# #..#≈PPP...PPP≈##.#####...
##...# #{##♣.P.(...P.♣##.# #...
###.# #.(.~....@........## #...
#.# #.##♣.♣.......♣#...# #... #.#
#..#≈♣♣♣......≈#...#####..
#.###{##≈.♣.......≈#.....# ##.
####......#≈...♣.♣...≈#.....# #.
......##X##≈≈≈≈♣.♣≈≈≈≈#.....# #.
####.###.#######.######...### #.
#.# #.# #.# #...## #...# ###.
#.###.# #.# ###..###.### #...


There were no monsters in sight!

Vanquished Creatures
  2 dread liches (Zot:5)
  4 ancient liches
  8 orbs of fire
  A juggernaut (Depths:4)
  3 Killer Klowns (Zot:5)
  Vv (Depths:4)
  Frederick (Depths:4)
  Saint Roka (Elf:2)
  Bai Suzhen (Swamp:3)
  Xtahua (Vaults:2)
  Margery (Crypt:3)
  Geryon (Hell)
  A curse toe (Zot:4)
  Jory (Vaults:2)
  9 golden dragons
  3 electric golems
  3 bone dragons
  3 doom hounds
  Jorgrun (Swamp:3)
  14 tentacled monstrosities
  A walking crystal tome (Depths:1)
  5 quicksilver dragons
  31 Orb Guardians
  A walking earthen tome (Depths:3)
  An Ice Fiend (D:3)
  9 liches
  Grunn (Crypt:3)
  2 deep elf master archers (Elf:3)
  8 ancient champions
  A walking frostbound tome (Depths:3)
  6 death cobs
  Gastronok (D:10)
  5 sphinxes
  2 Executioners
  2 deep elf blademasters (Elf:3)
  4 thorn hunters
  3 tengu reavers
  3 draconian monks
  14 storm dragons
  An azure jelly (shapeshifter) (Depths:3)
  7 shadow dragons
  8 fire giants
  A revenant (Crypt:3)
  6 deep elf sorcerers
  6 vault wardens
  3 emperor scorpions (Spider:4)
  5 draconian knights
  2 balrugs (Depths:4)
  2 iron dragons (Depths:3)
  4 curse skulls
  2 orc warlords
  6 frost giants
  Aizul (Swamp:3)
  9 ghouls
  10 draconian scorchers
  4 draconian annihilators
  10 ghost moths
  5 deep elf elementalists (Elf:3)
  5 draconian shifters
  16 stone giants
  7 reapers
  4 war gargoyles
  A broodmother (Spider:2)
  12 vampire knights
  10 draconian stormcallers
  9 very ugly things
  5 ironbound thunderhulks
  2 putrid mouths (Crypt:2)
  15 ironbound preservers
  9 deep elf demonologists (Elf:3)
  6 deep elf annihilators
  9 black draconians
  9 red draconians
  9 green draconians
  A lorocyproca (D:12)
  18 dire elephants
  5 eleionomae
  8 spark wasps
  9 purple draconians
  8 white draconians
  5 yellow draconians
  A bunyip (Swamp:1)
  5 crystal guardians
  2 eidola (Crypt:3)
  4 shambling mangroves
  Josephine (Lair:5)
  6 fire dragons
  2 blizzard demons (Depths:4)
  8 ettins
  15 deep elf death magi
  9 jiangshi
  5 great orbs of eyes
  A mummy priest (Crypt:3)
  7 yaktaur captains
  4 deep elf high priests
  An entropy weaver (Vaults:1)
  A hell beast (Depths:1)
  18 hydras
  A rakshasa (Depths:1)
  An Orb Guardian zombie (Crypt:1)
  5 peacekeepers
  A jorogumo (Spider:4)
  10 vault guards
  5 ice dragons
  8 ironbound frosthearts
  8 centaur warriors
  5 spriggan air magi
  A spriggan skeleton (Crypt:3)
  Erica (D:8)
  An ogre mage (D:15)
  2 catoblepae
  3 ghost crabs
  7 boulder beetles
  7 deep troll shamans
  9 tengu warriors
  8 alligators
  34 dancing weapons
  A death knight (Crypt:2)
  9 deep troll earth magi
  14 death yaks
  8 vampire magi
  9 two-headed ogres
  6 hell hogs
  A shock serpent (shapeshifter) (D:10)
  3 spriggan berserkers
  3 soul eaters (Depths:4)
  Sonja (Orc:2)
  5 spriggans
  2 skysharks
  24 hell knights
  A wretched star (Abyss:3)
  10 sun demons (Depths:4)
  A salamander mystic (Depths:3)
  22 deep elf knights
  6 iron trolls
  2 shadow wraiths
  A sun moth (Spider:3)
  6 pharaoh ants
  A sixfirhy (D:3)
  38 skeletal warriors
  A glowing orange brain (Depths:1)
  4 goliath frogs
  4 flayed ghosts
  4 spriggan druids
  9 swamp dragons
  14 deep elf archers
  8 orb spiders
  46 deep trolls
  6 bog bodies
  3 spectral hydras (Swamp:4)
  An anaconda skeleton (Crypt:3)
  13 phantasmal warriors
  30 deep elf pyromancers
  8 wizards
  3 sphinx zombies
  12 necromancers
  7 ironbound convokers
  4 steelbarb worms
  39 deep elf zephyrmancers
  9 orc knights
  16 lindwurms
  33 ugly things
  5 manticores
  20 wolf spiders
  A fire giant zombie (Crypt:3)
  2 cyclopes
  4 will-o-the-wisps
  3 salamanders
  3 oklob plants (Swamp:4)
  3 orc sorcerers
  2 black mambas
  2 eleionoma skeletons (Crypt:1)
  30 moths of wrath
  12 elephants
  An ice statue (IceCv)
  3 rust devils (Depths:4)
  A torpor snail (Spider:4)
  12 vault sentinels
  Joseph (D:10)
  Maurice (D:8)
  3 gargoyles
  12 cane toads
  5 demonic crawlers
  5 smoke demons (Depths:4)
  An unseen horror (D:11)
  8 komodo dragons
  4 kobold demonologists (D:10)
  4 rime drakes
  16 yaktaurs
  A death yak zombie (Crypt:3)
  6 tengu conjurers
  An anaconda simulacrum (IceCv)
  2 tormentors
  10 freezing wraiths
  12 ice devils (IceCv)
  7 guardian mummies (Crypt:3)
  A red devil (Depths:4)
  3 hydra zombies (Swamp:4)
  3 meliai (Spider:3)
  3 polar bears
  A death drake zombie (Swamp:4)
  8 trolls
  8 tyrant leeches
  22 tarantellas
  19 hornets
  3 hydra skeletons
  A raiju (D:10)
  3 death drake skeletons (Swamp:4)
  A guardian serpent zombie (Crypt:3)
  13 blink frogs
  12 dream sheep
  25 jumping spiders
  30 slime creatures
  A dire elephant simulacrum (IceCv)
  6 air elementals
  An ettin skeleton (Crypt:2)
  3 flying skulls
  19 culicivoras
  2 water elementals (Depths:3)
  2 shadows
  5 wyverns
  A vampire (D:13)
  3 fire elementals
  A chaos spawn (D:2)
  64 yaks
  2 small abominations (D:10)
  6 wraiths
  5 basilisks
  40 redbacks
  10 vampire mosquitoes
  14 swamp worms
  Menkaure (D:4)
  3 death yak simulacra (IceCv)
  2 harpy simulacra (IceCv)
  Edmund (D:4)
  3 large abominations
  3 spatial vortices (Abyss:3)
  11 wargs
  A faun zombie (Crypt:3)
  10 water moccasins
  5 hydra simulacra
  5 acid dragons
  58 orc warriors
  A demonspawn skeleton (Crypt:2)
  9 swamp drakes
  An elephant zombie (Crypt:2)
  A hornet zombie (Crypt:2)
  A meliai simulacrum (D:15)
  A sky beast (D:7)
  A spectral blink frog (Lair:2)
  5 ogres
  12 wolves
  A lindwurm skeleton (Crypt:2)
  7 centaurs
  A swamp dragon skeleton (Swamp:4)
  A spectral basilisk (Lair:2)
  A draconian zombie (Crypt:1)
  An elf zombie (Crypt:2)
  3 kobold brigands
  4 cane toad simulacra (IceCv)
  4 bullfrogs
  A komodo dragon skeleton (Crypt:1)
  4 necrophages
  3 spectral water moccasins (Lair:2)
  4 scorpions
  4 earth elementals
  18 wights
  A shapeshifter zombie (Crypt:1)
  A wyvern skeleton (Crypt:2)
  6 killer bees
  3 elephant simulacra (IceCv)
  A troll skeleton (Crypt:3)
  16 howler monkeys
  A yak skeleton (Crypt:3)
  5 electric eels
  A wolf zombie (Crypt:2)
  2 jellies
  4 hounds
  A basilisk zombie (Crypt:1)
  A gnoll bouda (D:5)
  20 orc priests
  A sleepcap (D:4)
  3 iguanas
  21 orc wizards
  Ijyb (D:4)
  5 polar bear simulacra (IceCv)
  Natasha (thrice) (D:2)
  3 hell rats
  3 spriggan simulacra (IceCv)
  A troll simulacrum (IceCv)
  5 wolf simulacra (IceCv)
  An ogre skeleton (Crypt:1)
  A mummy (Crypt:3)
  11 gnolls
  11 adders
  A howler monkey skeleton (Crypt:1)
  2 naga simulacra (IceCv)
  A swamp drake skeleton (Crypt:2)
  A white imp (D:7)
  2 worms (D:3)
  101 orcs
  5 ball pythons
  8 endoplasms
  A giant cockroach (D:1)
  17 goblins
  12 hobgoblins
  8 jackals
  16 kobolds
  3 quokkas
  4 bats
  6 frilled lizards
  A jackal skeleton (Crypt:3)
  3 rats (D:2)
  A fire vortex (Hell)
2151 creatures vanquished.

Vanquished Creatures (collateral kills)
  Louise (Spider:1)
  An orc warlord (Bailey)
  An orc knight (Bailey)
  2 orcs (Bailey)
5 creatures vanquished.

Vanquished Creatures (others)
  A fire giant (Depths:3)
  An orb spider (Spider:4)
  A deep elf pyromancer (Elf:1)
  3 bloated husks
  An orc warrior (Bailey)
  A hell rat (Hell)
  21 foxfires
29 creatures vanquished.

Grand Total: 2185 creatures vanquished

Notes
Turn   | Place    | Note
-------+----------+-------------------------------------------
     0 | D:1      | LordWeiramon the Gargoyle Hunter began the quest for the
                  | Orb.
     0 | D:1      | Reached XP level 1. HP: 12/12 MP: 1/1
   200 | D:1      | Reached XP level 2. HP: 2/17 MP: 2/2
   697 | D:2      | Reached XP level 3. HP: 21/21 MP: 3/3
   737 | D:2      | Noticed Natasha
   787 | D:2      | Reached skill level 5 in Ranged Weapons
   923 | D:2      | Found a hazy altar of Hepliaklqana.
  1136 | D:2      | Reached XP level 4. HP: 26/26 MP: 4/4
  1845 | D:3      | Found an ornate altar of the Wu Jian Council.
  1845 | D:3      | Found a bloodstained altar of Trog.
  2202 | D:4      | Reached XP level 5. HP: 30/30 MP: 5/5
  2215 | D:4      | Found a broken altar of Ashenzari.
  2223 | D:4      | Became a worshipper of Ashenzari the Shackled
  2551 | D:4      | Noticed Edmund
  2669 | D:4      | Reached XP level 6. HP: 22/36 MP: 6/6
  2776 | D:4      | Found a snail-covered altar of Cheibriados.
  2982 | D:4      | Noticed Menkaure
  3085 | D:5      | Entered Level 5 of the Dungeon
  3111 | D:5      | Reached XP level 7. HP: 34/41 MP: 7/7
  3627 | D:5      | Found a staircase to the Ecumenical Temple.
  3728 | D:5      | Reached * piety under Ashenzari
  3728 | D:5      | Reached ** piety under Ashenzari
  3904 | D:5      | Reached XP level 8. HP: 48/48 MP: 8/8
  4517 | D:6      | Found Bekkisk's Assorted Antiques.
  4521 | D:6      | Bought a scroll labelled DAWAUNK HOOSM for 21 gold pieces
  4521 | D:6      | Bought a curved fluorescent wand for 84 gold pieces
  4794 | D:7      | Reached skill level 10 in Ranged Weapons
  4893 | D:7      | Found a white marble altar of Elyvilon.
  4930 | D:7      | Found an ancient bone altar of Kikubaaqudgha.
  5130 | D:7      | Reached skill level 1 in Evocations
  5130 | D:7      | Reached *** piety under Ashenzari
  5414 | D:7      | Found the +18 Lear's hauberk
  5704 | D:7      | Reached XP level 9. HP: 54/54 MP: 9/9
  6067 | D:4      | Killed Edmund
  6106 | D:4      | Reached **** piety under Ashenzari
  6243 | D:4      | Noticed Ijyb
  6255 | D:4      | Killed Ijyb
  6292 | D:4      | Killed Menkaure
  6444 | D:2      | Killed Natasha
  6470 | D:2      | Noticed Natasha
  6474 | D:2      | Killed Natasha
  6481 | D:2      | Noticed Natasha
  6491 | D:2      | Killed Natasha
  6636 | D:8      | Found a flagged portal.
  6651 | Bailey   | Entered a bailey
  7207 | Bailey   | Noticed an orc warlord
  7212 | Bailey   | Noticed an orc knight
  7222 | Bailey   | Killed an orc warlord
  7223 | Bailey   | Reached XP level 10. HP: 60/60 MP: 10/10
  7226 | Bailey   | Killed an orc knight
  7359 | Bailey   | Reached XP level 11. HP: 64/64 MP: 11/11
  7451 | D:8      | Noticed Erica
  7481 | D:8      | Killed Erica
  7543 | D:8      | Found a staircase to the Lair.
  7659 | D:8      | Reached skill level 2 in Dodging
  7830 | D:8      | Noticed Maurice
  7844 | D:8      | Killed Maurice
  7845 | D:8      | Reached skill level 3 in Dodging
  8007 | D:9      | Noticed a red ugly thing
  8045 | D:9      | Identified the +6 trident of Objectivity {chaos, rN+ rCorr
                  | Int-3 Stlth+}
  8142 | D:8      | Reached skill level 4 in Dodging
  8570 | D:9      | Killed a red ugly thing
  8571 | D:9      | Reached skill level 5 in Dodging
  8713 | D:9      | Found a staircase to the Orcish Mines.
  8744 | D:9      | Reached XP level 12. HP: 71/71 MP: 12/12
  8822 | D:9      | Reached skill level 1 in Armour
  8829 | D:9      | Reached skill level 5 in Fighting
  8858 | D:10     | Entered Level 10 of the Dungeon
  8976 | D:10     | Noticed Joseph
  9229 | D:10     | Killed Joseph
  9246 | D:10     | Found a transporter.
  9247 | D:10     | Found a corrupted altar of Lugonu.
  9433 | D:10     | Reached skill level 5 in Armour
  9511 | D:10     | Noticed Gastronok
  9513 | D:10     | Noticed a sun demon
  9869 | D:10     | Found a transporter.
  9938 | D:10     | Found Pukhlio's Armour Boutique.
 10041 | D:10     | Killed Gastronok
 10237 | D:11     | Reached skill level 6 in Dodging
 10386 | D:11     | Reached skill level 7 in Dodging
 10797 | D:11     | Found a glowing silver altar of Zin.
 11378 | D:12     | Reached XP level 13. HP: 83/83 MP: 13/13
 11485 | D:12     | Reached skill level 8 in Dodging
 11778 | Lair:1   | Entered Level 1 of the Lair of Beasts
 11921 | Lair:1   | Reached ***** piety under Ashenzari
 11958 | Lair:1   | Reached skill level 9 in Dodging
 12687 | Lair:2   | Reached skill level 10 in Dodging
 13160 | Lair:2   | Identified a scroll of acquirement
 13169 | Lair:2   | Acquired the amulet "Xaaroq" {Reflect rC+++ Int-2 SH+5}
 13569 | Lair:2   | Found a staircase to the Swamp.
 13751 | Lair:3   | Found a hole to the Spider Nest.
 13871 | Lair:3   | Reached skill level 10 in Fighting
 14094 | Lair:3   | Gained mutation: Your large and strong wings let you fly.
                  | [Gargoyle growth]
 14094 | Lair:3   | Reached XP level 14. HP: 96/96 MP: 14/14
 14631 | Lair:4   | Identified the +7 long sword "Riuthuf" {venom, rCorr Int+3
                  | SInv}
 15588 | Lair:5   | Entered Level 5 of the Lair of Beasts
 15754 | Lair:5   | Noticed Josephine
 15862 | Lair:5   | Killed Josephine
 16293 | Lair:5   | Reached skill level 15 in Fighting
 16483 | Lair:5   | Found a viscous altar of Jiyva.
 16484 | Lair:5   | Found a staircase to the Slime Pits.
 17127 | Lair:5   | Reached XP level 15. HP: 112/112 MP: 15/15
 17506 | D:13     | Found a frozen archway.
 17515 | IceCv    | Entered an ice cave
 18091 | IceCv    | Found an ancient bone altar of Kikubaaqudgha.
 18220 | IceCv    | Identified the ring "Umon" {rPois rN+ Dex+5}
 18755 | D:13     | Found a gate to the Vaults.
 19867 | D:14     | Found a stormy altar of Qazlal.
 20119 | D:15     | Entered Level 15 of the Dungeon
 20816 | D:15     | Reached XP level 16. HP: 110/120 MP: 17/17
 21250 | D:15     | Found a staircase to the Depths.
 21548 | Orc:1    | Entered Level 1 of the Orcish Mines
 21763 | Orc:2    | Entered Level 2 of the Orcish Mines
 22435 | Orc:2    | Found a staircase to the Elven Halls.
 22492 | Orc:2    | Noticed Sonja
 22496 | Orc:2    | Killed Sonja
 22793 | Orc:2    | Reached ****** piety under Ashenzari
 23293 | Orc:2    | Found Juibb's Weapon Shop.
 23293 | Orc:2    | Found Bickodoz's General Store.
 23309 | Orc:2    | Bought a potion of haste for 140 gold pieces
 23309 | Orc:2    | Bought a wand of iceblast (6) for 201 gold pieces
 23402 | Orc:2    | Found Jasor's Jewellery Shop.
 23438 | Orc:2    | Found Pucs's Distillery.
 23479 | Orc:2    | Bought a potion of haste for 120 gold pieces
 23479 | Orc:2    | Bought a potion of mutation for 96 gold pieces
 23479 | Orc:2    | Bought a potion of heal wounds for 60 gold pieces
 23479 | Orc:2    | Bought a potion of curing for 36 gold pieces
 23749 | Swamp:1  | Entered Level 1 of the Swamp
 24898 | Swamp:2  | Found the +3 Elemental Staff {rElec rF+ rC+ AC+3}
 25080 | Swamp:2  | Noticed a thorn hunter
 25094 | Swamp:2  | Killed a thorn hunter
 25292 | Swamp:2  | Noticed a tentacled monstrosity
 25302 | Swamp:2  | Killed a tentacled monstrosity
 25557 | Swamp:3  | Reached XP level 17. HP: 128/131 MP: 18/18
 25557 | Swamp:3  | Noticed Jorgrun
 25586 | Swamp:3  | Killed Jorgrun
 25587 | Swamp:3  | Reached skill level 10 in Armour
 25693 | Swamp:3  | Noticed Aizul
 25713 | Swamp:3  | Killed Aizul
 25975 | Swamp:3  | Noticed Bai Suzhen
 26012 | Swamp:3  | Killed Bai Suzhen
 26414 | Swamp:4  | Entered Level 4 of the Swamp
 26683 | Swamp:4  | HP: 2/131 [will-o-the-wisp/foxfire (16)]
 27868 | Swamp:4  | Paralysed by a vampire knight for 3 turns
 27875 | Swamp:4  | Paralysed by a vampire knight for 3 turns
 28104 | Swamp:4  | Paralysed by a vampire knight for 4 turns
 28431 | Swamp:4  | Found a basalt altar of Yredelemnul.
 28443 | Swamp:4  | Got a decaying rune of Zot
 28749 | Swamp:4  | Found a blossoming altar of Fedhas.
 29227 | Spider:1 | Entered Level 1 of the Spider Nest
 29231 | Spider:1 | Reached skill level 15 in Armour
 29712 | Spider:1 | Noticed Louise
 29721 | Spider:1 | Killed Louise
 29722 | Spider:1 | Reached XP level 18. HP: 137/137 MP: 19/19
 31232 | Spider:3 | Reached skill level 11 in Dodging
 31948 | Spider:4 | Entered Level 4 of the Spider Nest
 32661 | Spider:4 | Reached skill level 12 in Dodging
 33382 | Spider:4 | Reached skill level 13 in Dodging
 33501 | Spider:4 | Got a gossamer rune of Zot
 33893 | Vaults:1 | Entered Level 1 of the Vaults
 34074 | Vaults:1 | Reached XP level 19. HP: 99/144 MP: 20/20
 34445 | Vaults:1 | Reached skill level 14 in Dodging
 35196 | Vaults:1 | Paralysed by a great orb of eyes for 3 turns
 35502 | Vaults:1 | Reached skill level 15 in Dodging
 35606 | Vaults:1 | Identified the staff of air "Wied" {rElec rF+}
 37257 | Vaults:2 | Noticed Jory
 37271 | Vaults:2 | Killed Jory
 37585 | Vaults:2 | Found Gaowij's Weapon Emporium.
 37752 | Vaults:2 | Noticed Xtahua
 37752 | Vaults:2 | Paralysed by Xtahua for 4 turns
 37770 | Vaults:2 | Killed Xtahua
 38153 | Vaults:3 | Reached XP level 20. HP: 151/151 MP: 21/21
 38811 | Vaults:3 | Found a staircase to the Crypt.
 41293 | Vaults:4 | Found Raptelea's General Store.
 41299 | Vaults:4 | Bought a scroll of teleportation for 60 gold pieces
 41299 | Vaults:4 | Bought a potion of haste for 200 gold pieces
 41299 | Vaults:4 | Bought a phantom mirror for 800 gold pieces
 41685 | Elf:1    | Entered Level 1 of the Elven Halls
 41801 | Elf:1    | Reached XP level 21. HP: 149/155 MP: 22/22
 41970 | Elf:1    | Identified the Discursus on the Impact
 41999 | Elf:1    | Paralysed by an air elemental for 1 turns
 42006 | Abyss:3  | Cast into level 3 of the Abyss (a deep elf sorcerer)
 42106 | Abyss:3  | Found a corrupted altar of Lugonu.
 42121 | Abyss:3  | Got an abyssal rune of Zot
 42127 | Elf:1    | Escaped the Abyss
 42520 | Elf:1    | Reached XP level 22. HP: 165/165 MP: 23/23
 43230 | Elf:2    | Found a portal to a secret trove of treasure.
 43580 | Elf:2    | Found a runed translucent gate.
 43581 | Elf:2    | Found a runed translucent gate.
 43581 | Elf:2    | Found a runed translucent gate.
 43926 | Elf:2    | Noticed Saint Roka
 43966 | Elf:2    | Killed Saint Roka
 44546 | Elf:3    | Entered Level 3 of the Elven Halls
 44711 | Elf:3    | Paralysed by an air elemental for 1 turns
 45318 | Elf:3    | Reached XP level 23. HP: 175/175 MP: 24/24
 45540 | Abyss:3  | Cast into level 3 of the Abyss (a deep elf sorcerer)
 45550 | Elf:3    | Escaped the Abyss
 45727 | Elf:3    | Identified the ring "Rehy" {rF+ rCorr Str+6 SInv}
 45756 | Elf:3    | Identified the amulet of the Invisible Hand {RegenMP rPois}
 45835 | Elf:3    | Identified the +5 flail of the Boiling Point {heavy, Dex+2}
 46112 | Elf:3    | Identified the amulet of Paebi {Faith Regen+ Str+2 Stlth+}
 46119 | Abyss:3  | Cast into level 3 of the Abyss (a deep elf demonologist)
 46126 | Elf:3    | Escaped the Abyss
 46129 | Elf:3    | Identified the amulet "Ucaink" {Acrobat Harm rElec Regen+
                  | Stlth-}
 46180 | Elf:3    | Identified the +6 great sword "Guapor" {antimagic, Str+2
                  | Int+3}
 46200 | Elf:3    | Identified the +1 shortbow "Iqiepp" {speed, Drain rElec
                  | Dex+5}
 46204 | Elf:3    | Identified the Discursus on the Valley
 46205 | Elf:3    | Identified Goekuoc's Guidebook on Striking
 46235 | Elf:3    | Identified the Precepts of the Beguiling Salamander
 46240 | Elf:3    | Identified the +3 ice dragon scales "Ydapn" {rF- rC++
                  | Int+3}
 46263 | Elf:3    | Identified the +0 ring mail "Furoewym" {Str+3}
 46264 | Elf:3    | Identified Suin's Incunable of Support and Tephra
 46765 | Crypt:1  | Entered Level 1 of the Crypt
 47012 | Crypt:1  | Reached skill level 16 in Dodging
 48285 | Crypt:2  | Reached skill level 17 in Dodging
 48706 | Crypt:2  | Identified the Dissertation on the Voyage and Combustion
 48806 | Crypt:3  | Entered Level 3 of the Crypt
 48816 | Crypt:3  | Identified the ring "Jujuvorr" {*Corrode rPois rN+ SInv}
 48816 | Crypt:3  | Noticed Grunn
 49198 | Crypt:3  | Found the dreamshard necklace {*Dream Drain}
 49583 | Crypt:3  | Reached XP level 24. HP: 159/181 MP: 24/24
 49713 | Crypt:3  | Reached skill level 18 in Dodging
 50052 | Crypt:3  | Noticed Margery
 50466 | Crypt:3  | Identified Sif Muna's Tome of Stones
 50508 | Crypt:3  | Killed Grunn
 50906 | Crypt:3  | Found a staircase to the Tomb.
 51019 | Crypt:3  | Killed Margery
 51308 | Crypt:3  | Identified the ring of the Dancing Gods {rC+ rCorr Int+5}
 51310 | Crypt:3  | Noticed an ancient lich
 51320 | Crypt:3  | Identified the Atlas of the Manifold Priests
 51346 | Crypt:3  | Killed an ancient lich
 51651 | Depths:1 | Entered Level 1 of the Depths
 52522 | Depths:1 | Found a one-way gateway to a ziggurat.
 52664 | Depths:1 | Found a gateway to Hell.
 52895 | Depths:1 | Found an iron altar of Okawaru.
 53439 | Depths:2 | Found Kil Ami's General Store.
 53446 | Depths:2 | Bought a potion of mutation for 128 gold pieces
 53522 | Depths:2 | Reached XP level 25. HP: 95/187 MP: 24/24
 53701 | Depths:2 | Found a one-way gate leading to the halls of Pandemonium.
 53785 | Depths:2 | Found a one-way gate to the infinite horrors of the Abyss.
 55450 | Depths:3 | Noticed an ancient lich
 55472 | Depths:3 | Reached skill level 19 in Dodging
 55480 | Depths:3 | Killed an ancient lich
 56512 | Depths:3 | Identified the Directory of the Ten Loafs
 56513 | Depths:3 | Identified the +6 rapier of Foolhardiness {vamp, SInv}
 56521 | Depths:3 | Identified the +6 plate armour "Doggosk" {Int+3}
 56602 | Depths:3 | Identified the amulet of Uleacoth {RegenMP Drain Str+8
                  | Int+6}
 56602 | Depths:3 | Identified the +1 flail of Orufreq {vamp, *Noise rElec
                  | rC+++ Stlth+}
 56726 | Depths:4 | Entered Level 4 of the Depths
 56799 | Depths:4 | Noticed Vv
 56841 | Depths:4 | Killed Vv
 57078 | Depths:4 | Reached skill level 20 in Dodging
 57426 | Depths:4 | Found a gate to the Realm of Zot.
 57464 | Depths:4 | Noticed Frederick
 57476 | Depths:4 | Killed Frederick
 57640 | Depths:4 | Noticed a juggernaut
 57646 | Depths:4 | Killed a juggernaut
 57737 | Depths:4 | Found an ancient bone altar of Kikubaaqudgha.
 58121 | Hell     | Entered the Vestibule of Hell
 58121 | Hell     | Noticed Geryon
 58877 | Depths:4 | Reached XP level 26. HP: 186/193 MP: 24/24
 59265 | Depths:4 | Reached skill level 21 in Dodging
 59524 | Hell     | Killed Geryon
 60094 | Elf:2    | You paid a toll of the horn of Geryon to enter a treasure
                  | trove
 60095 | Trove    | Entered a treasure trove
 60111 | Trove    | Identified Sif Muna's Meditations on the Deep Freeze and
                  | Transmogrification
 60134 | Trove    | Reached XP level 27. HP: 198/198 MP: 24/24
 60138 | Trove    | Identified the amulet "Wiomyum" {Acrobat Int+3 Stlth+}
 60723 | Zot:1    | Entered Level 1 of the Realm of Zot
 61641 | Zot:2    | Reached skill level 22 in Dodging
 62839 | D:6      | Bought a scroll of summoning for 199 gold pieces
 62839 | D:6      | Bought a potion of curing for 63 gold pieces
 62839 | D:6      | Bought a scroll of teleportation for 63 gold pieces
 63646 | Zot:2    | Noticed an orb of fire
 63655 | Zot:2    | Gained mutation: Potions are less effective at restoring
                  | your health. [an orb of fire]
 63657 | Zot:2    | Killed an orb of fire
 64034 | Zot:3    | Reached skill level 23 in Dodging
 66615 | Zot:4    | Reached skill level 24 in Dodging
 66901 | Zot:5    | Entered Level 5 of the Realm of Zot
 66907 | Zot:5    | Reached skill level 1 in Throwing
 67205 | Zot:5    | Noticed a dread lich
 67221 | Zot:5    | Killed a dread lich
 67411 | Zot:5    | Noticed an orb of fire
 67412 | Zot:5    | Noticed an orb of fire
 67412 | Zot:5    | Noticed an ancient lich
 67433 | Zot:5    | Killed an orb of fire
 67446 | Zot:5    | Killed an ancient lich
 67455 | Zot:5    | Gained mutation: You are weak. (Str -2) [an orb of fire]
 67459 | Zot:5    | Killed an orb of fire
 67523 | Zot:5    | Noticed an orb of fire
 67529 | Zot:5    | Gained mutation: You are frail. (-10% HP) [an orb of fire]
 67530 | Zot:5    | Noticed an ancient lich
 67534 | Zot:5    | Killed an orb of fire
 67543 | Zot:5    | Killed an ancient lich
 67615 | Zot:5    | Reached skill level 25 in Dodging
 67908 | Zot:5    | Noticed an orb of fire
 67914 | Zot:5    | Noticed an orb of fire
 67916 | Zot:5    | Killed an orb of fire
 67920 | Zot:5    | Noticed an orb of fire
 67923 | Zot:5    | Killed an orb of fire
 67925 | Zot:5    | Noticed an orb of fire
 67931 | Zot:5    | Gained mutation: You sometimes lose your temper in combat.
                  | [an orb of fire]
 67941 | Zot:4    | Killed an orb of fire
 67994 | Zot:5    | Gained mutation: You are strong-willed. (Will+) [an orb of
                  | fire]
 67996 | Zot:5    | Lost mutation: You sometimes lose your temper in combat.
                  | [an orb of fire]
 68008 | Zot:5    | Noticed a dread lich
 68009 | Zot:5    | Gained mutation: Your body sometimes deteriorates upon
                  | taking damage. [an orb of fire]
 68013 | Zot:5    | Killed an orb of fire
 68299 | Zot:5    | Killed a dread lich
 69075 | Zot:5    | Got the Orb of Zot
 69145 | Zot:3    | Reached skill level 26 in Dodging
 69452 | D:7      | Noticed Lyuveol the pandemonium lord
 69587 | D:1      | Noticed Zurem the pandemonium lord
 69591 | D:$      | Escaped with the Orb!

Illustrated notes

Levels and vault maps discovered:
D:1:      ldierk_walled_garden, layout_loops_ring
D:2:      layout_basic, basic_altar, grunt_decor_arrowhead,
          minmay_tree_intersection, kennysheep_potato, uniq_natasha
D:3:      layout_rooms, gammafunk_temple_overflow_wave
D:4:      layout_basic, cheibriados_altar_1, mainiacjoe_overflow_cross_hatched,
          uniq_menkaure, uniq_ijyb, uniq_edmund
D:5:      layout_basic, minmay_temple_entry_stoned_glass
D:6:      layout_loops_ring, serial_shops, shop_statue
D:7:      layout_gridville, minitemple
D:8:      layout_basic, lair_entry_dummy, enter_bailey_7, uniq_erica,
          uniq_maurice
D:9:      layout_rooms, david_orc_3, grunt_ministairs_8
D:10:     gammafunk_corrupted_shrine, layout_rooms, serial_shops,
          nicolae_take_the_stairs, kennysheep_doodads, uniq_joseph,
          uniq_gastronok
D:11:     layout_roguey, minmay_misc_feat_tower, zin_treasury
D:12:     layout_long_grid
D:13:     layout_roguey, david_vaults_1, portal_ice_cave_entry_pillars_1
D:14:     layout_irregular_city, serial_bayou, serial_bayou_pond_b,
          serial_bayou_pond_a, serial_bayou_shore_b, serial_bayou_pond_e,
          minmay_misc_feat_pillars, nicolae_qazlal_scattered_showers
D:15:     hangedman_depths_entry_try_elsewhere_first, layout_irregular_city,
          minmay_misc_feat_iff
Lair:1:   layout_chaotic_city
Lair:2:   layout_hall_layers, nicolae_swamp_entry_spooky
Lair:3:   layout_gridlike, spider_nest_entry_web_field, grunt_megastairs_2
Lair:4:   layout_cave_pods, st_stairs_7, serial_bayou_shore_a,
          infiniplex_staircase_pool_2
Lair:5:   grunt_lair_end_beastmaster, layout_layer_cave, slime_entry_1,
          grunt_megastairs_5, uniq_josephine
Swamp:1:  layout_basic_swamp, hangedman_swamp_cone
Swamp:2:  nicolae_swamp_ascending_descending_big, layout_basic_swamp,
          nicolae_swamp_well_well_well, swamp_pool4
Swamp:3:  layout_basic_swamp, evilmike_swamp_ruin_house_6, uniq_aizul,
          uniq_bai_suzhen, uniq_jorgrun
Swamp:4:  byrel_swamp_growth_death_and_undeath, layout_basic_swamp
Spider:1: nicolae_spider_mines_1, uniq_louise
Spider:2: layout_cave_pods
Spider:3: layout_spider_delve
Spider:4: spider_rune_water
Orc:1:    layout_caves, minmay_orc_keep
Orc:2:    st_orc_town, layout_caves, uniq_sonja
Elf:1:    minmay_elf_arrival_circle, layout_loops_corners,
          minmay_elf_annihilation, grunt_ministairs_10, eino_tiny_chamber
Elf:2:    nicolae_elf_blades_crystal_corner, layout_rooms,
          nicolae_trove_entry_crossroad, hangedman_corner_corridor,
          uniq_saint_roka
Elf:3:    grunt_elf_hall_branching, layout_geoelf_castle, eino_tiny_chamber,
          st_stairs_10
Vaults:1: nicolae_vaults_shrinking_rooms_1, nicolae_vaults_cochlea,
          nicolae_vaults_heist, nicolae_vaults_offset_grid_hallway_4,
          nicolae_vaults_tetromino_T_1, nicolae_vaults_storage_room_doors,
          nicolae_vaults_house_1, nicolae_vaults_alarming,
          vaults_room_guarded_vault, layout_vaults_quadrants
Vaults:2: hangedman_vaults_corner, hangedman_vaults_stretched_pinwheel,
          grunt_vaults_hallway_short, hangedman_vaults_nails,
          nicolae_vaults_little_guard_posts, hangedman_vaults_variations,
          nicolae_vaults_spaceships, v_misc_12, nicolae_vaults_theta,
          nicolae_vaults_ring_of_whatevers, grunt_vaults_twisty,
          layout_vaults_chaotic_city, serial_shops, shop, uniq_jory,
          uniq_xtahua, uniq_mennas
Vaults:3: nicolae_vaults_tetromino_T_1, minmay_crypt_entry_simple_plaza,
          vaults_dpeg_hooks, v_misc_26, nicolae_vaults_ring_of_whatevers,
          nicolae_vaults_steering_wheel, nicolae_vaults_shelves_hall, v_misc_17,
          vaults_mumra_hex, hangedman_vaults_stretched_pinwheel,
          nicolae_vaults_little_ls, layout_vaults_omnibox
Vaults:4: nicolae_vaults_mitosis, v_rooms_6, nicolae_vaults_trapezoid_1,
          nicolae_vaults_shock_wave, dpeg_vaults_monster_row,
          ontoclasm_vaults_ring_square, nicolae_vaults_theta,
          grunt_vaults_focal, nicolae_vaults_closet_pinwheel_3,
          nicolae_vaults_rhombus_5, v_misc_9, dpeg_vaults_monster_box,
          layout_vaults_omnicross, serial_shops, shop
Crypt:1:  layout_gridlike
Crypt:2:  layout_chaotic_city, library_closet, serial_sigils_hangedman_scar,
          grunt_ministairs_12
Crypt:3:  david_glass_crypt, layout_gridlike, tomb_entry_pyramid_bobbens,
          uniq_margery, uniq_grunn
Depths:1: layout_roguey, enter_ziggurat_d, grunt_mini_vestibule,
          okawaru_trees_1, lightli_fourway_metalbox
Depths:2: kennysheep_big_flooded_room, layout_twisted_cross,
          kennysheep_another_room, pf_hell_entry_great_geh, abyss_entry,
          serial_shops, shop, grunt_pan_entry_in_and_out
Depths:3: little_maze_vault, layout_gridlike, abyss_entry_crystal,
          interstate_on_off, pf_hell_entry_tar_spiral
Depths:4: grunt_zot_entry_alcove, layout_gridlike, kiku_gazebo_pond_becter,
          grunt_hell_entry_dis_grunt, uniq_frederick, uniq_vv
Hell
Zot:1:    layout_twisted_circle, st_stairs_13
Zot:2:    grunt_deathspiral_small, layout_onion
Zot:3:    lemuel_draconian_sentries, layout_onion, grunt_megastairs_3
Zot:4:    layout_twisted_circle, lemuel_baited_zot_trap
Zot:5:    layout_misc_corridors

Skill      XL: |  1  2  3  4  5  6  7  8  9 10 11 12 13 14 15 16 17 18 19 20 21 22 23 24 25 26 27 |
---------------+----------------------------------------------------------------------------------+-----
Ranged Weapons | 5 6 7 9 11 14 17 20 21 22 24 25 | 25.0
Fighting       | 3 4 8 10 15 17 19 21 22 | 22.9
Evocations     | 1 |  1.1
Dodging        | 5 7 10 13 15 17 18 20 21 26 | 26.1
Armour         | 5 7 9 15 16 20 | 20.9
Throwing       | 3 |  3.0
Stealth        | |  1.1

Action                     |  1- 3 |  4- 6 |  7- 9 | 10-12 | 13-15 | 16-18 | 19-21 | 22-24 | 25-27 || total
---------------------------+-------+-------+-------+-------+-------+-------+-------+-------+-------++-------
  Melee: Unarmed           |       |     1 |       |       |       |       |       |       |       ||     1
   Fire: Shortbow          |    84 |   159 |   484 |   749 |  1324 |       |       |       |       ||  2800
         Arbalest          |       |       |       |       |   554 |  2192 |  1308 |  1813 |  1918 ||  7785
  Throw: Dart              |       |       |     7 |       |       |       |       |     2 |       ||     9
         Throwing net      |       |       |       |     2 |       |       |       |       |       ||     2
 Invoke: Curse Item        |       |       |     5 |     3 |     5 |     2 |     2 |     1 |     4 ||    22
         Shatter the Chain |       |       |     1 |     1 |     3 |     1 |     2 |     2 |     3 ||    13
  Evoke: Wand              |       |       |    10 |     9 |     4 |     7 |       |     3 |    12 ||    45
         Phial of floods   |       |       |       |       |       |     2 |     1 |       |       ||     3
    Use: Scroll            |     3 |     4 |     1 |       |     3 |     6 |     3 |    19 |    19 ||    58
         Potion            |       |     2 |     2 |     4 |     2 |     8 |     6 |    15 |    11 ||    50
 Armour: Leather armour    |    12 |    30 |    72 |    53 |   226 |   456 |   139 |       |       ||   988
         Skin              |       |    11 |       |       |       |       |       |       |       ||    11
         Ring mail         |       |       |       |       |       |       |    23 |   302 |       ||   325
         Fire dragon scale |       |       |       |       |       |       |       |    91 |   691 ||   782
  Dodge: Dodged            |    13 |    48 |   209 |   243 |   964 |  1961 |   898 |  1172 |  1798 ||  7306
  Block: Other             |       |       |       |       |   142 |   330 |   150 |   217 |   283 ||  1122
         Reflection        |       |       |       |       |     3 |     5 |    10 |     7 |     2 ||    27
